 Dungeon Crawl Stone Soup version 0.25.1-2-g60ff931df9 (webtiles) character file.

Game seed: 11049444846225992836

26 DoubleLucky the Sneak (level 2, 0/17 HPs)
             Began as a Vampire Assassin on Sept 28, 2020.
             Slain by a goblin
             ... wielding a +0 club
              (1 damage)
             ... on level 2 of the Dungeon.
             The game lasted 00:04:48 (1332 turns).

DoubleLucky the Sneak (Vampire Assassin)            Turns: 1332, Time: 00:04:48

Health: 0/17       AC:  3    Str: 10    XL:     2   Next: 89%
Magic:  2/2        EV: 12    Int: 13    God:
Gold:   90         SH:  0    Dex: 15    Spells: 1/1 levels left

rFire    . . .     SeeInvis +   a - +2 dagger
rCold    + + .     Gourm    .   (no shield)
rNeg     + + +     Faith    .   b - +0 robe
rPois    ∞         Spirit   .   (no helmet)
rElec    .         Reflect  .   c - +0 cloak
rCorr    .         Harm     .   (no gloves)
MR       .....                  (no boots)
Stlth    +++++.....             (no amulet)
HPRegen  0.00/turn              (no ring)
MPRegen  0.08/turn              (no ring)

@: bloodless
A: no food, fangs 3, see invisible, unbreathing
a: Revivify


You were on level 2 of the Dungeon.
You were bloodless.

You visited 1 branch of the dungeon, and saw 2 of its levels.

You collected 90 gold pieces.

Inventory:

Hand Weapons
 a - a +2 dagger (weapon)
Missiles
 d - 8 poisoned darts (quivered)
 e - 2 curare-tipped darts
Armour
 b - a +0 robe (worn)
 c - a +0 cloak (worn)
Jewellery
 k - an uncursed amulet of regeneration {unknown}
Scrolls
 g - 3 scrolls of teleportation {unknown}
 j - a scroll of identify {unknown}
 m - a scroll of remove curse {unknown}
 n - a scroll of fog {unknown}
Potions
 f - 2 potions of flight {unknown}
 h - 2 potions of heal wounds {unknown}
 i - 4 potions of curing {unknown}
 l - a potion of brilliance {unknown}


   Skills:
 + Level 2.1 Fighting
 * Level 2.8 Short Blades
 - Level 1.5 Throwing
 + Level 1.5 Dodging
 * Level 6.4 Stealth


You had one spell level left.
You didn't know any spells.
Your spell library was empty.

Dungeon Overview and Level Annotations

Branches:
Dungeon (2/15)

Altars:


Innate Abilities, Weirdness & Mutations

You do not eat.
You do not regenerate when monsters are visible.
You are frail without blood (-20% HP).
You can heal yourself when you bite living creatures.
You are immune to poison.
You have razor-sharp teeth.
You have supernaturally acute eyesight. (SInv)
You can survive without breathing.


Message History

The rat barely misses you.
You hit the leopard gecko.
You kill the leopard gecko!
The rat bites you. The goblin hits you but does no damage.
The rat barely misses you.
You see here a leopard gecko corpse.
You hit the adder.
The adder is heavily wounded.
The goblin barely misses you. The adder bites you.
You hit the adder.
The adder is heavily wounded.
The rat closely misses you. The goblin hits you with a +0 club.
* * * LOW HITPOINT WARNING * * *
The adder bites you but does no damage.
You hit the adder.
The adder is almost dead.
The adder bites you.
* * * LOW HITPOINT WARNING * * *
The rat bites you but does no damage. The goblin hits you with a +0 club.
You die...

#.......# #.# #.......#
#.# #.......# #.#
#.......## #.#
#........# #.# ###
#........# #.# #..
#........###.########..
#.....s..'..........'..
#....g@r.###.########..
#.....S..# #........'..
#........# ##########..
#........# #..
#........# ###
#........# ##........
#.........


You could see an adder, a giant cockroach, a goblin and a rat.

Vanquished Creatures
  An ooze (D:2)
  A dart slug (D:1)
  A leopard gecko (D:2)
  A giant cockroach (D:2)
  2 hobgoblins (D:1)
  5 kobolds
  2 ball pythons (D:1)
  2 bats (D:1)
  3 frilled lizards
  5 rats
23 creatures vanquished.

Notes
Turn   | Place    | Note
-------+----------+-------------------------------------------
     0 | D:1      | DoubleLucky the Vampire Assassin began the quest for the
                  | Orb.
     0 | D:1      | Reached XP level 1. HP: 16/16 MP: 1/1
   312 | D:1      | Reached skill level 6 in Stealth
   554 | D:1      | Reached XP level 2. HP: 21/22 MP: 2/2
  1332 | D:2      | Slain by a goblin

Illustrated notes

Levels and vault maps discovered:
D:1:      eino_arrival_druids_welcome, layout_basic, corner_web_ring
D:2:      layout_basic

Skill      XL: |  1  2 |
---------------+-------+-----
Stealth        | 6 |  6.4
Fighting       | 2 |  2.1
Short Blades   | |  2.8
Throwing       | |  1.5
Dodging        | |  1.5

Action                   || total
-------------------------++-------
Melee: Dagger            ||    56
       Bite              ||     3
Throw: Dart              ||     4
 Abil: Exsanguinate      ||     1
 Stab: Sleeping          ||     7
       Distracted        ||     1
Armor: Robe              ||    12
Dodge: Dodged            ||    29
